 Dungeon Crawl Stone Soup version 0.23-b1-58-ge3fafae (webtiles) character file.

Game seed: 13853868351756173413

210 JustSomeDude the Shield-Bearer (level 5, 0/41 HPs)
             Began as a Demonspawn Fighter on Feb 4, 2019.
             Was a Follower of Uskayaw.
             Slain by Crazy Yiuf
             ... wielding a +3 quarterstaff of chaos
              (3 damage)
             ... on level 2 of the Dungeon.
             The game lasted 00:05:01 (1710 turns).

JustSomeDude the Shield-Bearer (Demonspawn Fighter) Turns: 1710, Time: 00:05:03

Health: 0/41       AC:  6    Str: 18    XL:     5   Next: 56%
Magic:  5/5        EV:  7    Int:  9    God:    Uskayaw [*.....]
Gold:   100        SH:  9    Dex: 12    Spells: 4/4 levels left

rFire    . . .     SeeInvis .   a - +0 trident
rCold    . . .     Gourm    .   c - +0 shield
rNeg     . . .     Faith    .   b - +0 scale mail
rPois    .         Spirit   .   (helmet restricted)
rElec    .         Reflect  .   (no cloak)
rCorr    .         Harm     .   (no gloves)
MR       .....                  (no boots)
Stlth    ..........             (no amulet)
HPRegen  0.13/turn              (no ring)
MPRegen  0.09/turn              (no ring)

@: lethally poisoned (0 -> -2), very slightly contaminated, invisible
A: antennae 1, talons 1
a: Stomp, Renounce Religion


You were on level 2 of the Dungeon.
You worshipped Uskayaw.
Uskayaw was noncommittal.
You were not hungry.

You visited 1 branch of the dungeon, and saw 2 of its levels.

You collected 100 gold pieces.

Inventory:

Hand Weapons
 a - a +0 trident (weapon)
 d - a +0 scythe
Missiles
 h - 31 stones (quivered)
Armour
 b - a +0 scale mail (worn)
 c - a +0 shield (worn)
Scrolls
 e - 2 scrolls of amnesia {unknown}
 g - a scroll of magic mapping {unknown}
 i - a scroll of teleportation {unknown}
 j - 4 scrolls of enchant weapon {unknown}
 k - a scroll of remove curse {unknown}
 l - 4 scrolls of identify {unknown}
Potions
 n - a potion of flight {unknown}
Comestibles
 f - 3 rations


   Skills:
 + Level 3.5 Fighting
 + Level 3.1 Polearms
 + Level 3.5 Armour
 + Level 1.3 Dodging
 + Level 0.1 Stealth
 + Level 3.7 Shields


You had 4 spell levels left.
You didn't know any spells.
Your spell library was empty.

Dungeon Overview and Level Annotations

Branches:
Dungeon (2/15)

Altars:
Dithmenos
Uskayaw

Annotations:
D:2 Crazy Yiuf


Innate Abilities, Weirdness & Mutations

You have a pair of small antennae on your head.
You have sharp toenails.


Message History

You block Crazy Yiuf's attack. x2
You can now stomp with the beat.
You closely miss Crazy Yiuf. Your kick misses Crazy Yiuf.
Crazy Yiuf is severely wounded.
You feel sick. You block Crazy Yiuf's attack. x2
You hit Crazy Yiuf. Your kick misses Crazy Yiuf.
Crazy Yiuf is almost dead.
Crazy Yiuf hits you with a +3 quarterstaff of chaos!
You are electrocuted!
Crazy Yiuf hits you with a +3 quarterstaff of chaos.
* * * LOW HITPOINT WARNING * * *
Crazy Yiuf freezes you.
* * * LOW HITPOINT WARNING * * *
You closely miss Crazy Yiuf. Your kick misses Crazy Yiuf.
Crazy Yiuf is almost dead.
You feel sick.
Crazy Yiuf hits you with a +3 quarterstaff of chaos.
* * * LOW HITPOINT WARNING * * *
Crazy Yiuf freezes you.
You die...

#......# #....#
#####.#.# ##..## ##
#.#.# ♣....♣ .##
#.#.# ♣♣...♣
..###.#.#### ♣♣.♣♣
#..##.#....# ♣♣.♣
#...#.###### ♣.♣♣
..#........# ♣♣.♣
.###...##### ♣@♣♣
####...#...# #g#
#......#.#.# ...
#.#........# #...#
#...##.#...# #)..#
....##.#..## #####
..#.##.#...#
.....#.##.#########
..####.#<.....#...#


You could see Crazy Yiuf.

Vanquished Creatures
  Sigmund (D:2)
  An adder (D:2)
  A worm (D:2)
  A dart slug (D:2)
  A leopard gecko (D:2)
  An orc (D:2)
  7 bats
  A giant cockroach (D:1)
  7 goblins
  A hobgoblin (D:1)
  3 jackals (D:1)
  5 frilled lizards
  6 kobolds
  4 rats
40 creatures vanquished.

Notes
Turn   | Place    | Note
-------+----------+-------------------------------------------
     0 | D:1      | JustSomeDude the Demonspawn Fighter began the quest for the
                  | Orb.
     0 | D:1      | Reached XP level 1. HP: 18/18 MP: 1/1
   187 | D:1      | Gained mutation: You have sharp toenails. [demonic
                  | ancestry]
   187 | D:1      | Reached XP level 2. HP: 18/24 MP: 2/2
   852 | D:2      | Reached XP level 3. HP: 19/29 MP: 3/3
   928 | D:2      | Noticed Sigmund
   964 | D:2      | Killed Sigmund
   964 | D:2      | Reached skill level 1 in Dodging
   964 | D:2      | Gained mutation: You have a pair of small antennae on your
                  | head. [demonic ancestry]
   964 | D:2      | Reached XP level 4. HP: 35/35 MP: 4/4
   964 | D:2      | Reached XP level 5. HP: 41/41 MP: 5/5
  1118 | D:2      | Found a runed translucent door.
  1119 | D:2      | Noticed Crazy Yiuf
  1446 | D:2      | Found a shadowy altar of Dithmenos.
  1446 | D:2      | Found a hide-covered altar of Uskayaw.
  1620 | D:2      | Became a worshipper of Uskayaw the Reveler
  1707 | D:2      | Reached * piety under Uskayaw
  1710 | D:2      | Slain by Crazy Yiuf

Skill      XL: |  1  2  3 |
---------------+----------+-----
Armour         | 3 |  3.5
Shields        | 3 |  3.7
Polearms       | 2 3 |  3.1
Dodging        | 1 |  1.3
Fighting       | |  3.5
Stealth        | |  0.1

Action                   |  1- 3 |  4- 6 || total
-------------------------+-------+-------++-------
Melee: Trident           |   100 |    25 ||   125
       Kick              |    10 |     5 ||    15
  Use: Potion            |     3 |       ||     3
  Eat: Chunk             |       |     2 ||     2
       Ration            |       |     1 ||     1
Armor: Scale mail        |    47 |     7 ||    54
       Skin              |     4 |       ||     4
Dodge: Dodged            |    31 |     5 ||    36
Block: Shield            |    43 |    11 ||    54
